 Dungeon Crawl Stone Soup version 0.28.0-43-g3370ac3207 (webtiles) character file.

Game seed: 6744981081329285102

20126 saw2855 the Bludgeoner (level 12, -8/159 HPs)
             Began as a Minotaur Berserker on Mar 13, 2022.
             Was an Elder of Trog.
             Mangled by a steelbarb worm (10 damage)
             ... on level 1 of the Spider Nest.
             The game lasted 01:05:06 (13830 turns).

saw2855 the Bludgeoner (Minotaur Berserker)        Turns: 13830, Time: 01:05:07

Health: -8/159     AC: 20    Str: 31    XL:     12   Next: 42%
Magic:  11/11      EV: 15    Int:  8    God:    Trog [****..]
Gold:   454        SH:  0    Dex: 14    Spells: 11/11 levels left

rFire   . . .      SeeInvis .   j - +1 great mace (protect)
rCold   . . .      Faith    .   (shield currently unavailable)
rNeg    . . .      Spirit   .   b - +4 robe of Augmentation {Str+4 Int+4 Dex+4}
rPois   +          Reflect  .   r - +2 hat
rElec   .          Harm     .   o - +0 cloak {Will+}
rCorr   +          Rampage  .   f - +1 pair of gloves
Will    +....                   m - +1 pair of boots
Stlth   ..........              (no amulet)
HPRegen 0.36/turn               c - ring of resist corrosion
MPRegen 0.12/turn               k - ring of poison resistance

@: berserking, spiked, under a protective aura, very quick
A: horns 2, retaliatory headbutt, MP-powered wands, sturdy frame 1
a: Renounce Religion, Berserk, Trog's Hand, Brothers in Arms


You were on level 1 of the Spider Nest.
You worshipped Trog.
Trog was greatly pleased with you.
You visited 5 branches of the dungeon, and saw 16 of its levels.

You collected 902 gold pieces.
You spent 448 gold pieces at shops.

Inventory:

Hand Weapons
 j - a +1 great mace of protection (weapon)
Missiles
 t - 3 silver javelins (quivered)
Armour
 b - the +4 robe of Augmentation (worn) {Str+4 Int+4 Dex+4}
   (You found it on level 2 of the Dungeon)

   Str:       It affects your strength (+4).
   Int:       It affects your intelligence (+4).
   Dex:       It affects your dexterity (+4).
 e - a +0 buckler
 f - a +1 pair of gloves (worn)
 m - a +1 pair of boots (worn)
 o - a +0 cloak of willpower (worn)
 r - a +2 hat (worn)
Jewellery
 c - a ring of resist corrosion (left hand)
 k - a ring of poison resistance (right hand)
 q - a ring of ice
Wands
 s - a wand of paralysis (5)
 u - a wand of iceblast (7)
Scrolls
 i - 2 scrolls of blinking
 x - a scroll of magic mapping
 A - 2 scrolls of teleportation
Potions
 a - 2 potions of flight
 d - 2 potions of magic
 g - 2 potions of berserk rage
 h - 2 potions of haste {unknown}
 l - 2 potions of curing
 n - a potion of might
 p - 2 potions of heal wounds {unknown}
 v - a potion of resistance {unknown}


   Skills:
 + Level 10.1 Fighting
 - Level 10.0(14.5) Axes
 * Level 16.7(17.7) Maces & Flails
 + Level 2.4 Throwing
 + Level 3.1 Armour
 + Level 8.1 Dodging
 * Level 5.4 Stealth
 + Level 3.2 Shields
 + Level 0.9 Evocations


You had 11 spell levels left.
You didn't know any spells.
Your spell library was empty.

Dungeon Overview and Level Annotations

Branches:
Dungeon (11/15)            Temple (1/1) D:4            Lair (2/6) D:11
  Swamp (1/4) Lair:2       Spider (1/4) Lair:2          Orc (0/2) D:10

Altars:
Ashenzari
Cheibriados
Dithmenos
Elyvilon
Fedhas
Gozag
Hepliaklqana
Kikubaaqudgha
Makhleb
Nemelex Xobeh
Okawaru
Qazlal
Ru
Sif Muna
Trog
Uskayaw
Vehumet
Wu Jian
Xom
Yredelemnul
Zin
The Shining One

Shops:
D:6 [   D:9 (   D:11 [

Annotations:
Lair:2 3 runed translucent doors, reversiblehash's ghost, journeyman MiFi
Abyss:1 Grinder


Innate Abilities, Weirdness & Mutations

You have a pair of horns on your head.
You reflexively headbutt those who attack you in melee.
You expend magic power (3 MP) to strengthen your wands.
Your movements are slightly less encumbered by armour. (ER -2)


Message History

The redback bites you but does no damage. x2
The steelbarb worm misses you. You furiously retaliate!
You headbutt the steelbarb worm. You barely miss the redback.
The redback is heavily wounded.
The redback bites you.
* * * LOW HITPOINT WARNING * * *
The redback closely misses you. The redback bites you.
* * * LOW HITPOINT WARNING * * *
The redback bites you but does no damage.
You bludgeon the redback!!
You kill the redback!
Trog accepts your kill. The steelbarb worm hits you!
* * * LOW HITPOINT WARNING * * *
Barbed spikes become lodged in your body.
The redback barely misses you. The redback misses you. You furiously retaliate!
You headbutt the redback!! You bludgeon the redback!!
The redback is severely wounded.
The redback bites you but does no damage.
The redback misses you.
The steelbarb worm completely misses you.
The redback misses you.
The redback bites you but does no damage.
You barely miss the redback. Your headbutt misses the redback.
The redback is severely wounded.
The redback misses you. You furiously retaliate!
You headbutt the redback!! You barely miss the redback.
Your headbutt misses the redback.
The redback is severely wounded.
The redback misses you. The steelbarb worm hits you!!
* * * LOW HITPOINT WARNING * * *
Barbed spikes become lodged in your body.
The redback bites you but does no damage.
You closely miss the redback. You headbutt the redback!
You kill the redback!
Trog accepts your kill.
The redback bites you but does no damage. x2
The steelbarb worm hits you!
You die...

............
..#.........
........#..
#####..........
...............
#)...........
...#...ss†......
#.....<@w......
.........##..##.
##.....### #
....... #...###
.... ##. .


You could see a steelbarb worm and 2 redbacks.

Vanquished Creatures
  Gastronok (D:8)
  Fannar (Lair:1)
  5 hydras
  A catoblepas (Lair:2)
  3 two-headed ogres
  A spriggan (Lair:2)
  Sonja (Lair:1)
  A cyclops (D:11)
  2 cane toads (Lair:1)
  A black mamba (Lair:2)
  Maggie (D:7)
  2 kobold demonologists (D:11)
  A rime drake (Lair:2)
  2 komodo dragons
  A tyrant leech (Lair:2)
  2 hornets
  3 wraiths
  11 yaks
  A human (shapeshifter) (D:10)
  2 redbacks (Spider:1)
  A steam dragon (D:10)
  2 basilisks
  A swamp worm (Lair:2)
  8 water moccasins
  A sky beast (D:6)
  An ice beast (D:7)
  3 orc warriors
  3 black bears
  2 necrophages
  2 ogres
  4 centaurs
  3 kobold brigands (D:11)
  9 bullfrogs
  4 gnoll sergeants
  A wyvern zombie (D:8)
  2 water moccasin zombies
  5 scorpions
  A water moccasin skeleton (D:5)
  3 killer bees (D:9)
  9 wights
  4 howler monkeys
  2 centaur zombies
  A hound (D:5)
  A jelly (D:6)
  6 orc priests
  Jessica (D:3)
  3 iguanas
  5 orc wizards
  2 howler monkey zombies
  3 howler monkey skeletons (D:7)
  An adder (D:2)
  17 gnolls
  A shadow imp (D:6)
  2 white imps
  An ufetubus (D:6)
  2 worms (D:3)
  4 dart slugs
  26 orcs
  4 ball pythons
  4 endoplasms
  2 giant cockroaches
  8 goblins
  8 hobgoblins
  4 jackals (D:2)
  3 quokkas
  4 bats
  2 frilled lizards
  4 kobolds
  4 rats
237 creatures vanquished.

Vanquished Creatures (others)
  5 fungi (Lair:2)
  7 plants
12 creatures vanquished.

Grand Total: 249 creatures vanquished

Notes
Turn   | Place    | Note
-------+----------+-------------------------------------------
     0 | D:1      | saw2855 the Minotaur Berserker began the quest for the Orb.
     0 | D:1      | Reached XP level 1. HP: 19/19 MP: 0/0
   187 | D:1      | Reached XP level 2. HP: 27/27 MP: 1/1
   589 | D:1      | Reached XP level 3. HP: 33/33 MP: 2/2
  1068 | D:2      | Found the +4 robe of Augmentation {Str+4 Int+4 Dex+4}
  1071 | D:2      | Reached ** piety under Trog
  1210 | D:2      | Gained mutation: Your mind is acute. (Int +2) [potion of
                  | mutation]
  1210 | D:2      | Gained mutation: You are robust. (+10% HP) [potion of
                  | mutation]
  1222 | D:2      | Reached skill level 5 in Axes
  1361 | D:2      | Found a faded altar of an unknown god.
  1661 | D:3      | Noticed Jessica
  1669 | D:3      | Killed Jessica
  1670 | D:3      | Reached XP level 4. HP: 45/45 MP: 3/3
  1977 | D:3      | Reached XP level 5. HP: 31/51 MP: 4/4
  2722 | D:4      | Noticed a black bear
  2731 | D:4      | Killed a black bear
  2732 | D:4      | Reached skill level 1 in Stealth
  2732 | D:4      | Reached XP level 6. HP: 49/58 MP: 5/5
  3007 | D:4      | Found a staircase to the Ecumenical Temple.
  3012 | Temple   | Entered the Ecumenical Temple
  3603 | D:5      | Entered Level 5 of the Dungeon
  3858 | D:5      | Found a blossoming altar of Fedhas.
  4067 | D:5      | Reached XP level 7. HP: 55/66 MP: 6/6
  4492 | D:5      | Noticed Grinder
  4499 | D:5      | Banished Grinder
  4500 | D:5      | Reached skill level 5 in Fighting
  4691 | D:6      | Reached XP level 8. HP: 73/73 MP: 7/7
  4694 | D:6      | Reached skill level 10 in Axes
  4757 | D:6      | Found Zecwat's Armour Boutique.
  4819 | D:7      | Reached skill level 1 in Maces & Flails
  5049 | D:7      | Reached skill level 2 in Maces & Flails
  5067 | D:7      | Reached *** piety under Trog
  5266 | D:6      | Reached skill level 1 in Shields
  5336 | D:6      | Noticed a two-headed ogre
  5345 | D:6      | Killed a two-headed ogre
  5346 | D:6      | Reached skill level 5 in Maces & Flails
  5346 | D:6      | Reached skill level 5 in Dodging
  5346 | D:6      | Reached XP level 9. HP: 23/85 MP: 8/8
  5699 | D:6      | Reached skill level 6 in Maces & Flails
  6154 | D:7      | Reached skill level 7 in Maces & Flails
  6281 | D:7      | Noticed Maggie
  6296 | D:7      | Killed Maggie
  6297 | D:7      | Reached skill level 8 in Maces & Flails
  6719 | D:6      | Bought a +0 pair of boots for 63 gold pieces
  6719 | D:6      | Bought a +2 hat for 224 gold pieces
  6994 | D:8      | Noticed Gastronok
  7049 | D:8      | Killed Gastronok
  7050 | D:8      | Reached skill level 10 in Maces & Flails
  7050 | D:8      | Reached XP level 10. HP: 85/96 MP: 9/9
  7447 | D:8      | Noticed a manticore
  7447 | D:8      | Noticed an orc knight
  7447 | D:8      | Found the macabre finger necklace {rN+}
  7474 | D:8      | Found a runed translucent door.
  7475 | D:8      | Noticed a four-headed hydra
  7476 | D:8      | Identified the +4 hand axe "Vutimp" {vamp, rPois rC+ Int-3
                  | Dex+5}
  7476 | D:8      | Noticed a centaur warrior
  7476 | D:8      | Noticed a boulder beetle
  7779 | D:9      | Noticed a two-headed ogre
  7785 | D:9      | Killed a two-headed ogre
  7786 | D:9      | Reached skill level 11 in Maces & Flails
  8126 | D:9      | Found Woeb's Antique Weapon Shoppe.
  8267 | D:9      | Reached **** piety under Trog
  8718 | D:10     | Entered Level 10 of the Dungeon
  8930 | D:10     | Noticed a two-headed ogre
  8941 | D:10     | Killed a two-headed ogre
  8942 | D:10     | Reached skill level 12 in Maces & Flails
  9164 | D:10     | Found a staircase to the Orcish Mines.
  9449 | D:11     | Noticed a soul eater
  9670 | D:11     | Reached XP level 11. HP: 87/104 MP: 10/10
  9689 | D:11     | Reached skill level 13 in Maces & Flails
  9945 | D:11     | Lost mutation: Your mind is acute. (Int +2) [potion of
                  | mutation]
  9945 | D:11     | Lost mutation: You are robust. (+10% HP) [potion of
                  | mutation]
  9945 | D:11     | Gained mutation: You expend magic power (3 MP) to
                  | strengthen your wands. [potion of mutation]
  9945 | D:11     | Gained mutation: Your movements are slightly less
                  | encumbered by armour. (ER -2) [potion of mutation]
 10088 | D:11     | Found a staircase to the Lair.
 10306 | D:11     | Found Plog's Armour Boutique.
 10313 | D:11     | Bought a +0 cloak of willpower for 161 gold pieces
 10446 | Lair:1   | Entered Level 1 of the Lair of Beasts
 10697 | Lair:1   | Noticed Fannar
 10705 | Lair:1   | Killed Fannar
 10706 | Lair:1   | Reached skill level 14 in Maces & Flails
 10889 | Lair:1   | Noticed a five-headed hydra
 10897 | Lair:1   | Killed a five-headed hydra
 10898 | Lair:1   | Reached skill level 1 in Throwing
 10971 | Lair:1   | Noticed Sonja
 10972 | Lair:1   | Paralysed by Sonja for 3 turns
 10978 | Lair:1   | Killed Sonja
 11247 | Lair:1   | Noticed a seven-headed hydra
 11255 | Lair:1   | Killed a seven-headed hydra
 11419 | Lair:1   | Reached skill level 15 in Maces & Flails
 11960 | Lair:2   | Noticed a six-headed hydra
 11969 | Lair:2   | Killed a six-headed hydra
 12132 | Lair:2   | Reached skill level 5 in Stealth
 12135 | Lair:2   | Reached XP level 12. HP: 106/106 MP: 11/11
 12245 | Lair:2   | Noticed a minotaur
 12246 | Lair:2   | Noticed reversiblehash's ghost (journeyman MiFi)
 12260 | Lair:2   | Noticed a catoblepas
 12279 | Lair:2   | Killed a catoblepas
 12294 | Lair:2   | Found a runed translucent gate.
 12294 | Lair:2   | Found a runed translucent gate.
 12294 | Lair:2   | Found a runed translucent gate.
 12433 | Lair:2   | Reached skill level 16 in Maces & Flails
 12563 | Lair:2   | Noticed an eight-headed hydra
 12571 | Lair:2   | Killed an eight-headed hydra
 12572 | Lair:2   | Reached skill level 10 in Fighting
 12572 | Lair:2   | Noticed an eight-headed hydra
 12580 | Lair:2   | Killed an eight-headed hydra
 12957 | Lair:2   | Found a hole to the Spider Nest.
 13142 | Lair:2   | Found a staircase to the Swamp.
 13507 | Swamp:1  | Entered Level 1 of the Swamp
 13814 | Spider:1 | Entered Level 1 of the Spider Nest
 13829 | Spider:1 | HP: 2/159 [steelbarb worm (18)]
 13830 | Spider:1 | Mangled by a steelbarb worm

Illustrated notes

Levels and vault maps discovered:
D:1:      dpeg_arrival_stone_temple_mockup, layout_basic
D:2:      layout_loops_ring, hellmonk_ecumenical_altar_lost_god
D:3:      layout_loops_corners, uniq_jessica
D:4:      layout_rooms, temple_doors_ab, kennysheep_generic_room_4
D:5:      layout_rooms, fedhas_altar_2, hangedman_glass_teeth,
          hangedman_abyss_or_decor_passed, uniq_grinder
D:6:      layout_rooms, nicolae_take_the_stairs
D:7:      layout_basic, roderic_three_in_a_row, uniq_maggie
D:8:      minmay_gate_of_8, layout_basic, uniq_gastronok
D:9:      layout_irregular_city, serial_shops, shop, uniq_maurice
D:10:     layout_loops_ring, orc_0_dummy
D:11:     layout_irregular_city, grunt_lair_entry_orc_guard_hut, serial_shops,
          shop
Temple:   mainiacjoe_temple_starburst
Lair:1:   layout_long_grid, minivault_27, nicolae_quartered_pool_impasse,
          grunt_megastairs_1, uniq_fannar, uniq_sonja
Lair:2:   layout_concentric_octagons, palyth_hydra_swamp_entry,
          spider_nest_entry_web_field, maelrawn_ghost_gauntlet_escape
Swamp:1:  layout_basic_swamp, nicolae_swamp_very_dense_foliage,
          infiniplex_staircase_pool, uniq_roxanne, uniq_mlioglotl, uniq_aizul
Spider:1: spider_temple_joshua, nicolae_spider_eight_legs

Skill      XL: |  1  2  3  4  5  6  7  8  9 10 11 12 |
---------------+-------------------------------------+-----
Axes           | 4 5 7 8 9 10 | 10.0
Fighting       | 4 5 6 7 8 9 10 | 10.1
Armour         | 3 |  3.1
Stealth        | 1 2 3 5 |  5.4
Dodging        | 3 4 5 6 7 8 |  8.1
Maces & Flails | 5 10 12 15 16 | 16.7
Shields        | 1 2 3 |  3.2
Throwing       | 1 2 |  2.4
Evocations     | |  0.9

Action                   |  1- 3 |  4- 6 |  7- 9 | 10-12 || total
-------------------------+-------+-------+-------+-------++-------
Melee: Hand axe          |    63 |    94 |    19 |       ||   176
       Headbutt          |     7 |    13 |    25 |    65 ||   110
       Flail             |       |       |    95 |   150 ||   245
       Great mace        |       |       |       |   163 ||   163
Throw: Javelin           |       |       |     2 |    20 ||    22
Invok: Berserk           |       |     2 |     4 |     8 ||    14
       Trog's Hand       |       |       |       |     1 ||     1
Evoke: Wand              |       |       |       |     3 ||     3
  Use: Scroll            |     7 |     4 |     5 |     4 ||    20
       Potion            |     1 |       |     1 |     2 ||     4
 Stab: Sleeping          |     1 |       |     1 |     6 ||     8
       Paralysed         |       |     1 |       |       ||     1
Armor: Animal skin       |     3 |       |       |       ||     3
       Ring mail         |    11 |       |       |       ||    11
       Robe              |     4 |    30 |    17 |   155 ||   206
Dodge: Dodged            |    47 |    40 |    51 |   247 ||   385
Block: Buckler           |     3 |     7 |    11 |    30 ||    51
